 Dungeon Crawl Stone Soup version 0.17-a0-1714-g35622ae (webtiles) character file.

116 karlkraus the Shield-Bearer (level 4, -4/40 HPs)
             Began as a Minotaur Fighter on Aug 23, 2015.
             Shot with an arrow by a centaur (7 damage)
             ... on level 3 of the Dungeon.
             The game lasted 00:02:21 (708 turns).

karlkraus the Shield-Bearer (Minotaur Fighter)       Turns: 708, Time: 00:02:21

Health: -4/40      AC:  7    Str: 20    XL:     4   Next: 69%
Magic:  3/3        EV:  8    Int:  5    God:
Gold:   76         SH:  9    Dex: 11    Spells: 0 memorised, 3 levels left

rFire  . . .     SeeInvis .     a - +0 flail
rCold  . . .     Clarity  .     b - +0 scale mail
rNeg   . . .     SustAt   .     c - +0 shield
rPois  .         Gourm    .     (helmet restricted)
rElec  .         Spirit   .     (no cloak)
rCorr  .         Warding  .     (no gloves)
rMut   .         Stasis   .     (no boots)
MR     .....                    (no amulet)
Stlth  ..........               (no ring)
                                (no ring)

@: not resistant to hostile enchantments, extremely unstealthy
A: retaliatory headbutt, horns 2
a: no special abilities


You were on level 3 of the Dungeon.
You were not hungry.

You visited 1 branch of the dungeon, and saw 4 of its levels.

You collected 76 gold pieces.

Inventory:

Hand weapons
 a - a +0 flail (weapon)
Armour
 b - a +0 scale mail (worn)
 c - a +0 shield (worn)
Scrolls
 f - 2 scrolls of identify {unknown}
 l - a scroll of blinking {unknown}
 p - a scroll of enchant weapon {unknown}
Potions
 d - a potion of might
 i - a potion of ambrosia {unknown}
 j - a potion of degeneration {unknown}
 k - a potion of heal wounds {unknown}
 m - a potion of flight {unknown}
 o - a potion of lignification {unknown}
Comestibles
 e - 5 bread rations
 g - a meat ration
 h - a beef jerky
 n - a slice of pizza


   Skills:
 + Level 4.1 Fighting
 + Level 3.2 Maces & Flails
 + Level 4.2 Armour
 + Level 2.0 Dodging
 + Level 4.8 Shields


You had 3 spell levels left.
You didn't know any spells.

Dungeon Overview and Level Annotations

Branches:
Dungeon (4/15)
 Temple: D:4-7

Altars:
Dithmenos
Xom
The Shining One


Innate Abilities, Weirdness & Mutations

You reflexively headbutt those who attack you in melee.
You have a pair of horns on your head.


Message History

The centaur shoots an arrow.
The arrow hits you.
* * * LOW HITPOINT WARNING * * *
Things that are here:
a tomahawk; an arrow You block the bat's attack.
You block the adder's attack.
You see here 2 arrows.
You block the bat's attack.
Things that are here:
an arrow; 10 gold pieces You hit the bat but do no damage.
The bat hits you but does no damage.
You miss the adder. Your headbutt misses the adder.
You block the adder's attack.
You sock the adder!
You kill the adder!
Your Dodging skill increases to level 2!
You block the bat's attack. The bat hits you but does no damage.
You miss the bat. You headbutt the bat.
You kill the bat!
The centaur shoots an arrow.
The arrow hits you!
You die...

#. $ ####.###. ..
#.......# #.# #.......#
#.# #.......# #.#.#
#......)# #.#.#. .#
#......(# #.#.#.###..#
#......c###.#.#..<#..# #
#......o(@....#..##..# .#
#......o##...........##.##
........##...###..#.......
.....##.##...####.#.......
..... #...................
..... ####...#####........
.... #.†.# #........ ...
.....# #........ ..##...#
#........


You could see a centaur and 2 orcs.

Vanquished Creatures
  A hound (D:4)
  A worker ant (D:4)
  An adder (D:3)
  A white imp (D:4)
  An ooze (D:2)
  A worm (D:2)
  2 orcs (D:3)
  2 giant cockroaches
  3 goblins
  3 hobgoblins
  3 jackals (D:2)
  A quokka (D:4)
  A ball python (D:1)
  6 bats
  2 giant newts (D:2)
  A goblin skeleton (D:4)
  A goblin zombie (D:4)
  A hobgoblin zombie (D:4)
  2 kobolds (D:1)
  2 kobold skeletons (D:4)
  2 kobold zombies (D:4)
  An orc skeleton (D:4)
  An orc zombie (D:4)
  4 rats
44 creatures vanquished.

Notes
Turn   | Place    | Note
--------------------------------------------------------------
     0 | D:1      | karlkraus the Minotaur Fighter began the quest for the Orb.
     0 | D:1      | Reached XP level 1. HP: 19/19 MP: 0/0
   207 | D:1      | Reached XP level 2. HP: 24/27 MP: 1/1
   323 | D:1      | Reached skill level 4 in Shields
   406 | D:2      | Found a shimmering altar of Xom.
   407 | D:2      | Found a shimmering altar of Xom.
   407 | D:2      | Found a shimmering altar of Xom.
   408 | D:2      | Found a shimmering altar of Xom.
   464 | D:2      | Found a faded altar to an unknown god.
   493 | D:2      | Reached XP level 3. HP: 26/33 MP: 2/2
   590 | D:2      | You fall through a shaft for 2 floors!
   590 | D:4      | Found a glowing golden altar of the Shining One.
   630 | D:4      | Reached skill level 1 in Dodging
   630 | D:4      | Reached XP level 4. HP: 32/40 MP: 3/3
   681 | D:3      | Found a shadowy altar of Dithmenos.
   695 | D:3      | Noticed a centaur
   702 | D:3      | HP: 2/40 [centaur/arrow (5)]
   708 | D:3      | Shot with an arrow by a centaur

Vault maps used:
D:1:      minmay_arrival_checkered_box
D:2:      old_standard_altar, ecumenical_altar_1, xom_redecorated
D:3:      grunt_temple_overflow_open, portal_sewer_entry_b
D:4:      nicolae_ru_awakened_eye, nicolae_tso_besieged_by_evil, dk_vineyard_2,
          nicolae_dithmenos_through_a_glass_darkly

Action                   |  1- 3 |  4- 6 || total
-------------------------+-------+-------++-------
Melee: Flail             |    73 |    15 ||    88
